 Dungeon Crawl Stone Soup version 0.29.1-13-g9f3cf754e1 (webtiles) character file.

Game seed: 26701695652490918

29 theblackgale the Ruffian (level 3, 0/28 HPs)
             Began as a Draconian Transmuter on Jan 27, 2023.
             Killed from afar by a white imp (5 damage)
             ... with a puff of frost
             ... on level 5 of the Dungeon.
             The game lasted 00:10:54 (550 turns).

theblackgale the Ruffian (Draconian Transmuter)      Turns: 550, Time: 00:10:54

Health: 0/28       AC:  5    Str: 14    XL:     3   Next: 1%
Magic:  6/6        EV: 10    Int: 13    God:
Gold:   70         SH:  7    Dex: 11    Spells: 5/6 levels left

rFire   . . .      SeeInvis .     - Unarmed
rCold   . . .      Faith    .   c - +1 kite shield
rNeg    . . .      Spirit   .   (body armour unavailable)
rPois   .          Reflect  .   (helmet restricted)
rElec   .          Harm     .   (no cloak)
rCorr   .          Rampage  .   (no gloves)
Will    .....                   (no boots)
Stlth   +.........              (no amulet)
HPRegen 0.09/turn               (no ring)
MPRegen 0.10/turn               (no ring)

@: invisible
A: AC +5, unfitting armour, cold-blooded
a: no special abilities


You were on level 5 of the Dungeon.
You visited 1 branch of the dungeon, and saw 5 of its levels.

You collected 70 gold pieces.

Inventory:

Armour
 c - a +1 kite shield (worn)
Scrolls
 d - a scroll of poison
Potions
 a - a potion of lignification


   Skills:
 + Level 1.1 Fighting
 + Level 2.1 Dodging
 + Level 3.6 Unarmed Combat
 + Level 2.3 Spellcasting
 + Level 2.1 Transmutations


You had 5 spell levels left.
You knew the following spells:

 Your Spells              Type           Power      Damage    Failure   Level
a - Beastly Appendage     Tmut           14%        N/A       36%         1

Your spell library contained the following spells:

 Spells                   Type           Power      Damage    Failure   Level
 Wereblood                Tmut           7%         N/A       50%         2
 Spider Form              Tmut/Pois      4%         N/A       87%         3
 Ice Form                 Ice/Tmut       4%         N/A       99%         4


Dungeon Overview and Level Annotations

Branches:
Dungeon (5/15)
 Temple: D:4-7

Altars:

Shops:
D:3 *


Innate Abilities, Weirdness & Mutations

Your plain brown scales are hard. (AC +5)
You cannot fit into any form of body armour.
You are cold-blooded and may be slowed by cold attacks.


Message History

The white imp gestures at you.
The puff of frost hits you but does no damage.
You bump into the rock wall.
Your transformation is almost over.
You feel less invigorated.
You feel less confused.
The white imp shouts, "Abandon hope, thou froward hell-hated flax-wench!"
The white imp hits you but does no damage.
As you read the scroll of identify, it crumbles to dust.
d - a scroll of poison The white imp gestures at you.
The puff of frost hits you.
* * * LOW HITPOINT WARNING * * *
Okay, then.
It was a potion of invisibility.
You fade into invisibility!
The white imp barely misses you.
You barely miss the white imp.
You claw the white imp, but do no damage.
You headbutt the white imp, but do no damage.
Your tail-slap misses the white imp.
The white imp is lightly wounded.
The white imp hits you but does no damage.
You closely miss the white imp. You claw the white imp.
Your headbutt misses the white imp.
The white imp is moderately wounded.
The white imp hits you.
* * * LOW HITPOINT WARNING * * *
The white imp freezes you.
You feel yourself slow down.
* * * LOW HITPOINT WARNING * * *
The white imp barely misses you.
A white imp is nearby!
A white imp is nearby!
Your horns disappear.
Your talons disappear.
You feel yourself speed up.
The white imp gestures at something.
The white imp gestures at something.
The puff of frost misses you. The white imp gestures at you.
The puff of frost hits you.
You die...

# .# #.# ### #.#.# #.#.# .#.#
#.#.# ..# #.#.# .# #.#.#
###### .# #.#.# #..... .#
#.#.# #.#### .# ##########.#.#
#.# .########.5.....@....####
#.#
..........########......####.#
########### ######......#
########


You could see a white imp (unable to see you).

Vanquished Creatures
  3 bats (D:1)
  6 endoplasms
  4 giant cockroaches
  3 hobgoblins
  3 jackals (D:1)
  A quokka (D:2)
  A ball python (D:4)
  A goblin (D:1)
  A kobold (D:1)
23 creatures vanquished.

Notes
Turn   | Place    | Note
-------+----------+-------------------------------------------
     0 | D:1      | theblackgale the Draconian Transmuter began the quest for
                  | the Orb.
     0 | D:1      | Reached XP level 1. HP: 16/16 MP: 3/3
    60 | D:1      | Reached XP level 2. HP: 14/23 MP: 1/5
   259 | D:3      | Found Pobrekhled's Assorted Antiques.
   406 | D:4      | Reached XP level 3. HP: 14/28 MP: 4/6
   425 | D:5      | Entered Level 5 of the Dungeon
   550 | D:5      | Killed from afar by a white imp

Illustrated notes

Levels and vault maps discovered:
D:1:      dpeg_arrival_windows_large_door, layout_basic, minmay_close_crescents
D:2:      layout_basic, kennysheep_generic_room_12
D:3:      layout_basic, serial_shops, nicolae_shop_window_shopping,
          minmay_vboxes
D:4:      nicolae_cairo_tiling_large_dashed, layout_basic,
          lemuel_zombie_altar_kikubaaqudgha
D:5:      layout_loops_ring, minmay_temple_entry_fiery, serial_shops,
          nicolae_shop_behind_doors, minmay_misc_feat_enclosed, uniq_edmund,
          uniq_blork_the_orc, uniq_ijyb

Skill      XL: |  1  2 |
---------------+-------+-----
Dodging        | 2 |  2.1
Fighting       | |  1.1
Unarmed Combat | |  3.6
Spellcasting   | |  2.3
Transmutations | |  2.1

Action                   || total
-------------------------++-------
Melee: Unarmed           ||    87
       Kick              ||    15
       Tailslap          ||     8
       Headbutt          ||     7
 Cast: Beastly Appendage ||     9
  Use: Scroll            ||     4
       Potion            ||     2
Armor: Skin              ||    42
Dodge: Dodged            ||    88
Block: Kite shield       ||    13
